AoeStats
← md

Arena

510334523Analyzed
4v4 RM · 20h ago on Sep 30, 2026· 53m 16s· 8 players
Game mode
Random Map
Map size
Large (8 player)
Population
200
Speed
Normal
Resources
Standard
Victory
Conquest
Starting age
Dark Age
Ending age
Imperial Age
RankedLock teamsTeams togetherTeam positionsShared explorationLock speedFull tech treeHidden civsTurbo modeCheats
Victory
Defeat
🇺🇸 Celts · United States
1052
+16
🇬🇧 Italians · United Kingdom
1021
+17
🇹🇷 Poles · Türkiye
979
+18
🇪🇸 Malay · Spain
976
+18
🇨🇳 Spanish · China
1087
-19
🇨🇳 Koreans · China
1039
-17
🇨🇳 Magyars · China
1024
-17
🇨🇳 Britons · China
1005
-16
Yocko4
11:20 Feudal Age
15:21 Castle Age
13:24 Double-Bit Axe
14:52 Loom
15:47 Wheelbarrow
19:09 Forging
23:24 Gold Mining
24:23 Horse Collar
26:30 Hand Cart
28:40 Heavy Plow
30:29 Fletching
31:16 Town Watch
31:32 Bodkin Arrow
32:13 Iron Casting
31:38 Scale Mail Armor
33:12 Gold Shaft Mining
32:28 Stone Mining
35:39 Imperial Age
34:02 Ballistics
33:39 Murder Holes
34:57 Chain Mail Armor
35:41 Capped Ram
36:33 Furor Celtica
35:48 Heavy Scorpion
36:23 Siege Ram
39:02 Padded Archer Armor
39:05 Elite Skirmisher
43:44 Conscription
43:47 Leather Archer Armor
48:57 Blast Furnace
48:28 Plate Mail Armor
48:30 Ring Archer Armor
50:08 Pikeman
50:36 Gambesons
51:58 Hoardings
51:19 Halberdier
Koopa
8:54 Loom
10:39 Feudal Age
12:27 Double-Bit Axe
15:29 Castle Age
13:45 Stone Mining
15:01 Horse Collar
16:55 Bow Saw
17:39 Gold Mining
17:56 Fletching
21:33 Bodkin Arrow
22:39 Padded Archer Armor
25:44 Wheelbarrow
26:57 Masonry
28:37 Heavy Plow
34:53 Murder Holes
38:09 Imperial Age
36:52 Leather Archer Armor
38:04 Scale Mail Armor
38:14 Forging
37:33 Man-at-Arms
38:14 Squires
37:59 Arson
39:02 Long Swordsman
41:14 Chemistry
42:17 Chain Mail Armor
42:38 Iron Casting
41:43 Crossbowman
42:50 Conscription
42:40 Arbalester
43:45 Bracer
44:15 Ring Archer Armor
44:17 Plate Mail Armor
44:05 Hand Cart
44:35 Thumb Ring
51:23 Pikeman
53:16 Blast Furnace
wheks
10:53 Feudal Age
9:09 Loom
14:45 Castle Age
19:21 Double-Bit Axe
20:14 Horse Collar
27:34 Imperial Age
26:31 Wheelbarrow
28:21 Husbandry
28:53 Forging
28:50 Scale Barding Armor
29:02 Squires
30:23 Iron Casting
31:13 Elite Battle Elephant
32:47 Caravan
38:53 Blast Furnace
37:53 Gold Mining
40:02 Hand Cart
40:53 Arson
43:44 Fletching
44:58 Chemistry
45:05 Siege Engineers
45:58 Conscription
44:59 Elite Karambit Warrior
52:57 Stone Mining
53:42 Gold Shaft Mining
53:06 Town Watch
53:43 Ballistics
53:44 Bombard Tower
53:21 Murder Holes
53:06 Treadmill Crane
53:37 Masonry
54:02 Coinage
53:43 Guilds
md
11:07 Feudal Age
13:50 Double-Bit Axe
16:24 Castle Age
14:36 Horse Collar
18:48 Bow Saw
21:10 Heavy Plow
23:18 Wheelbarrow
28:11 Imperial Age
26:04 Forging
26:07 Scale Barding Armor
27:29 Iron Casting
26:49 Light Cavalry
27:35 Husbandry
27:49 Bloodlines
29:40 Chain Barding Armor
29:55 Hand Cart
31:35 Blast Furnace
32:45 Conscription
32:53 Winged Hussar
36:03 Scale Mail Armor
51:45 Cavalier
帝国浪子
5:08 Loom
10:56 Feudal Age
13:18 Double-Bit Axe
15:51 Castle Age
15:11 Horse Collar
17:15 Bow Saw
18:14 Wheelbarrow
24:03 Heavy Plow
25:21 Hand Cart
25:52 Gold Mining
25:29 Elite Skirmisher
27:10 Fletching
27:20 Padded Archer Armor
27:55 Stone Mining
28:22 Town Watch
30:35 Stone Shaft Mining
33:17 Imperial Age
31:16 Ballistics
31:53 Leather Archer Armor
31:33 Bodkin Arrow
32:06 Fortified Wall
32:52 Forging
32:57 Murder Holes
33:25 Masonry
33:45 Caravan
35:04 Chemistry
34:40 Ring Archer Armor
34:39 Conscription
35:49 Two-Man Saw
36:49 Bracer
39:52 Bombard Tower
45:32 Cavalier
46:14 Husbandry
46:24 Bloodlines
45:44 Light Cavalry
46:33 Scale Barding Armor
47:03 Iron Casting
47:11 Iron Casting
48:12 Chain Barding Armor
48:57 Blast Furnace
48:40 Paladin
50:39 Architecture
3232984158
10:44 Feudal Age
14:53 Castle Age
12:54 Double-Bit Axe
12:51 Horse Collar
14:11 Loom
16:55 Bow Saw
16:38 Gold Mining
17:29 Fletching
23:53 Wheelbarrow
23:07 Town Watch
27:35 Gold Shaft Mining
28:49 Heavy Plow
29:18 Stone Mining
36:22 Imperial Age
34:29 Bodkin Arrow
34:57 Masonry
36:13 Hand Cart
36:28 Murder Holes
37:45 Conscription
38:42 Hand Cart
39:05 Squires
38:50 Arson
42:27 Chemistry
41:33 Siege Engineers
43:11 Eupseong
43:21 Bracer
43:57 Elite War Wagon
46:20 Shinkichon
一念风云
0:31 Loom
11:18 Feudal Age
18:11 Castle Age
17:35 Double-Bit Axe
17:32 Horse Collar
17:46 Gold Mining
17:48 Stone Mining
22:01 Wheelbarrow
21:12 Town Watch
27:11 Imperial Age
26:05 Bow Saw
26:05 Heavy Plow
27:13 Bloodlines
27:04 Husbandry
27:49 Light Cavalry
28:54 Scale Barding Armor
29:52 Gold Shaft Mining
30:20 Hand Cart
31:35 Pikeman
32:19 Scale Mail Armor
32:57 Arson
33:07 Fletching
35:09 Chain Mail Armor
35:42 Hussar
36:32 Treadmill Crane
38:24 Cavalier
41:24 Bodkin Arrow
43:09 Two-Man Saw
42:09 Halberdier
43:29 Murder Holes
43:44 Masonry
44:55 Bracer
46:00 Ballistics
Beedo
11:56 Feudal Age
16:05 Castle Age
14:30 Loom
15:42 Double-Bit Axe
15:39 Horse Collar
17:59 Crossbowman
19:52 Fletching
22:35 Wheelbarrow
25:42 Bow Saw
25:37 Heavy Plow
29:20 Bodkin Arrow
30:09 Yeomen
30:09 Padded Archer Armor
29:33 Pikeman
33:54 Imperial Age
32:30 Ballistics
32:28 Leather Archer Armor
36:27 Chemistry
35:41 Arbalester
36:45 Bracer
37:05 Town Watch
37:35 Hand Cart
Connection lost

Rejoining the realm…

Still unreachable

The connection could not be restored.

Session expired

The server has moved on; the page needs a fresh start.